 Dungeon Crawl Stone Soup version 0.31-a0-45-g5f0c076935 (webtiles) character file.

Game seed: 17407748430281869707

15488 CowFu the Basher (level 12, -2/77 HPs)
             Began as a Gargoyle Fighter on May 22, 2023.
             Was an Elder of the Shining One.
             Slain by a large abomination (13 damage)
             ... led by an Executioner
             ... on level 2 of the Abyss.
             The game lasted 00:18:02 (11689 turns).

CowFu the Basher (Gargoyle Fighter)                Turns: 11689, Time: 00:18:03

Health: -2/77      AC: 30    Str: 25    XL:     12   Next: 27%
Magic:  0/12       EV:  5    Int:  9    God:    the Shining One [****..]
Gold:   436        SH: 13    Dex: 21    Spells: 11/11 levels left

rFire   + + .        a - +3 flail (protect)
rCold   . . .        N - +0 kite shield
rNeg    + + +        p - +3 chain mail of Fun and Games {rF++}
rPois   ∞            u - +2 hat
rElec   +            l - +1 cloak
rCorr   .            K - +0 pair of gloves
SInv    .            D - +0 pair of boots
Will    .....        C - amulet of guardian spirit Stlth
                     d - +6 ring of dexterity
HPRegen 0.32/turn    A - +6 ring of dexterity
MPRegen 0.13/turn

%: guardian spirit
@: slowed, glowing, constricted, very slow
A: sickness immunity, AC +8, negative energy resistance 1, electricity
resistance, torment resistance 1, petrification resistance
a: Renounce Religion, Divine Shield, Cleansing Flame


You were on level 2 of the Abyss.
You worshipped the Shining One.
The Shining One was greatly pleased with you.
You visited 2 branches of the dungeon, and saw 13 of its levels.
You visited the Abyss 1 time.
You also visited: Sewer.

You collected 757 gold pieces.
You spent 321 gold pieces at shops.

Inventory:

Hand Weapons
 a - a +3 flail of protection (weapon)
Missiles
 j - 3 throwing nets (quivered)
Armour
 l - a +1 cloak (worn)
 p - the +3 chain mail of Fun and Games (worn) {rF++}
   (You bought it in a shop on level 7 of the Dungeon)

   rF:        It greatly protects you from fire.
 u - a +2 hat (worn)
 D - a +0 pair of boots (worn)
 K - a +0 pair of gloves (worn)
 N - a +0 kite shield (worn)
Jewellery
 d - a +6 ring of dexterity (left hand)
 x - an amulet of reflection
 y - a ring of resist corrosion
 z - an amulet of the acrobat
 A - a +6 ring of dexterity (right hand)
 C - an amulet of guardian spirit (around neck)
 H - a ring of wizardry
Wands
 n - a wand of polymorph (7)
 o - a wand of roots (6)
 v - a wand of light (8)
 B - a wand of digging (8)
 G - a wand of paralysis (9)
Scrolls
 e - 5 scrolls of identify
 g - a scroll of silence
 h - 6 scrolls of amnesia
 k - a scroll of vulnerability
 q - a scroll of fog
 r - 3 scrolls of magic mapping
 E - a scroll of fear
 J - a scroll of enchant armour
 M - 2 scrolls of enchant weapon
Potions
 f - 2 potions of brilliance
 i - 2 potions of flight
 m - a potion of lignification
 s - 2 potions of haste
 w - a potion of attraction
 F - 2 potions of magic
 I - a potion of cancellation


   Skills:
 + Level 9.9 Fighting
 * Level 13.4 Maces & Flails
 + Level 9.9 Armour
 + Level 9.8 Shields


You had 11 spell levels left.
You didn't know any spells.
Your spell library contained the following spells:

 Spells                   Type           Power      Damage    Failure   Level
 Slow                     Hex            0%         N/A       96%         1
 Blink                    Tloc           0%         N/A       99%         2
 Call Canine Familiar     Summ           0%         N/A       100%        3
 Confusing Touch          Hex            0%         N/A       100%        3
 Hailstorm                Conj/Ice       0%         3d3       100%        3
 Portal Projectile        Hex/Tloc       0%         N/A       100%        3
 Summon Guardian Golem    Hex/Summ       0%         N/A       100%        3
 Vampiric Draining        Necr           0%         2d6       100%        3
 Anguish                  Hex/Necr       0%         N/A       100%        4
 Animate Dead             Necr           0%         N/A       100%        4
 Cause Fear               Hex            0%         N/A       100%        4
 Ice Form                 Ice/Tmut       0%         N/A       100%        4
 Leda's Liquefaction      Hex/Erth       0%         N/A       100%        4
 Manifold Assault         Tloc           0%         N/A       100%        4
 Simulacrum               Ice/Necr       0%         N/A       100%        6
 Enfeeble                 Hex            0%         N/A       100%        7
 Haunt                    Necr/Summ      0%         N/A       100%        7
 Orb of Destruction       Conj           0%         9d5       100%        7
 Spellforged Servitor     Conj/Summ      0%         N/A       100%        7
 Storm Form               Tmut/Air       0%         N/A       100%        7
 Infestation              Necr           0%         N/A       100%        8


Dungeon Overview and Level Annotations

Branches:
Dungeon (12/15)            Temple (1/1) D:5            Lair (0/5) D:11
    Orc (0/2) D:11          Sewer (visited)

Altars:
Ashenzari
Cheibriados
Dithmenos
Elyvilon
Gozag
Hepliaklqana
Kikubaaqudgha
Okawaru
Qazlal
Ru
Sif Muna
Trog
Uskayaw
Vehumet
Wu Jian
Xom
Yredelemnul
Zin
The Shining One
Lugonu

Shops:
D:4 :=   D:5 (   D:6 :   D:7 [   D:11 *

Annotations:
D:7 2 transporters, baller8008's ghost, novice DECj
D:9 5 runed translucent doors
D:11 2 transporters, scionoferis's ghost, journeyman DjCj
D:12 Psyche


Innate Abilities, Weirdness & Mutations

You are immune to sickness and miasma.
Your stone body is resilient. (AC +8)
You are immune to poison.
You resist negative energy. (rN+)
You are resistant to electric shocks. (rElec)
You are resistant to unholy torment.
You are immune to petrification.


Message History

The chaos spawn hits you!
* * * LOW HITPOINT WARNING * * *
You feel your power leaking away. 2 large abominations come into view.
A large abomination comes into view.
Tentacles burst from the starspawn's body!
The chaos spawn hits you but does no damage. 2 starspawn tentacles come into view.
The starspawn tentacle barely misses you.
Found a corrupted altar of Lugonu.
The large abomination attacks as you move away!
The large abomination hits you! The Shining One protects you from harm!
The large abomination attacks as you move away!
The large abomination hits you but does no damage.
The large abomination hits you! The Shining One protects you from harm!
You feel better.
You block the large abomination's attack.
The large abomination hits you but does no damage.
The large abomination attacks as you move away!
The large abomination hits you!
* * * LOW HITPOINT WARNING * * *
You feel better.
You block the large abomination's attack.
Tentacles burst from the starspawn's body!
The large abomination barely misses you. x2 2 starspawn tentacles come into view.
The large abomination hits you!
* * * LOW HITPOINT WARNING * * *
The large abomination attacks as you move away!
The large abomination barely misses you.
A tentacle flies out from the starspawn's body!
The large abomination hits you! The Shining One protects you from harm!
A starspawn tentacle comes into view.
The starspawn tentacle grabs you. The starspawn tentacle constricts you.
The starspawn tentacle's grasp on you weakens, but your attempt to escape fails.
The large abomination hits you!
You die...

# . .. . .# .
.#... . #... #
#. #.. .
#.####.# ##.
##..#w@# . ...
#.##/X#..##
....#│./.X#X..#
#.│<#.._..##
#.h│X..####
##.#4##..#
#..hZ###....
#... # .#...
##...## ...# .


You could see a tentacled starspawn, 3 large abominations, 2 raiju, a chaos
spawn, a starspawn tentacle and a spriggan defender zombie.

Vanquished Creatures
  A tentacled starspawn (Abyss:2)
  2 two-headed ogres (D:11)
  2 large abominations (Abyss:2)
  A worldbinder (Abyss:2)
  3 cyclopes
  3 kobold demonologists (D:10)
  3 trolls
  4 hornets
  A raiju (Abyss:2)
  9 slime creatures
  12 yaks
  A shadow (D:10)
  A ynoxinul (Abyss:2)
  A chaos spawn (Abyss:2)
  2 acid dragons
  5 water moccasins
  8 orc warriors
  2 ice beasts
  2 black bears (D:7)
  5 centaurs
  A small abomination (Abyss:2)
  A phantom (D:4)
  3 kobold brigands
  5 bullfrogs
  A gnoll sergeant (D:11)
  2 scorpions (D:6)
  3 wights (D:10)
  9 killer bees
  3 howler monkeys
  2 jellies
  4 hounds
  9 orc priests
  3 iguanas
  Natasha (thrice) (D:2)
  11 orc wizards
  A sleepcap (D:7)
  Robin (D:2)
  12 adders
  11 gnolls
  3 river rats (Sewer)
  A shadow imp (D:7)
  3 white imps
  3 ufetubi
  5 dart slugs
  51 orcs
  14 ball pythons
  4 bats
  8 endoplasms
  7 giant cockroaches
  17 goblins
  8 hobgoblins
  16 jackals
  23 kobolds
  4 quokkas
  2 frilled lizards
  26 rats
348 creatures vanquished.

Vanquished Creatures (others)
  A crimson imp (Abyss:2)
  15 starspawn tentacles (Abyss:2)
16 creatures vanquished.

Grand Total: 364 creatures vanquished

Notes
Turn   | Place    | Note
-------+----------+-------------------------------------------
     0 | D:1      | CowFu the Gargoyle Fighter began the quest for the Orb.
     0 | D:1      | Reached XP level 1. HP: 14/14 MP: 1/1
   158 | D:1      | Reached XP level 2. HP: 19/19 MP: 2/2
   311 | D:1      | Reached skill level 3 in Maces & Flails
   651 | D:1      | Reached XP level 3. HP: 23/23 MP: 3/3
  1190 | D:2      | Reached skill level 4 in Maces & Flails
  1190 | D:2      | Reached XP level 4. HP: 28/28 MP: 4/4
  1192 | D:2      | Noticed Natasha
  1197 | D:2      | Killed Natasha
  1394 | D:2      | Noticed Robin
  1407 | D:2      | Noticed Natasha
  1422 | D:2      | Killed Natasha
  1444 | D:2      | Killed Robin
  1445 | D:2      | Reached skill level 5 in Maces & Flails
  1445 | D:2      | Reached XP level 5. HP: 14/32 MP: 5/5
  1546 | D:2      | Noticed Natasha
  1556 | D:2      | Killed Natasha
  2303 | D:3      | Found an iron altar of Okawaru.
  2625 | D:3      | Reached skill level 6 in Maces & Flails
  2751 | D:4      | Found Atall's Jewellery Shop.
  2810 | D:4      | Reached XP level 6. HP: 20/37 MP: 6/6
  3047 | D:4      | Found Nifism's Book Shop.
  3312 | D:4      | Found a glowing silver altar of Zin.
  3344 | D:4      | Found an opulent altar of Gozag.
  3511 | D:5      | Entered Level 5 of the Dungeon
  3646 | D:5      | Found a glowing drain.
  3665 | Sewer    | Entered a sewer
  4034 | Sewer    | Reached XP level 7. HP: 42/42 MP: 7/7
  4197 | Sewer    | Reached skill level 7 in Maces & Flails
  4528 | D:5      | Found a staircase to the Ecumenical Temple.
  4541 | Temple   | Entered the Ecumenical Temple
  4630 | Temple   | Became a worshipper of the Shining One
  4695 | D:5      | Found a snail-covered altar of Cheibriados.
  4753 | D:5      | Reached XP level 8. HP: 42/48 MP: 5/8
  5026 | D:5      | Found Leorec's Weapon Boutique.
  5211 | D:6      | Found an ancient bone altar of Kikubaaqudgha.
  5350 | D:6      | Reached skill level 5 in Shields
  5355 | D:6      | Reached skill level 8 in Maces & Flails
  5359 | D:6      | Reached skill level 5 in Fighting
  5376 | D:6      | Found Gyohysak's Tiny Tomes.
  5430 | D:6      | Reached skill level 5 in Armour
  5583 | D:6      | Reached * piety under the Shining One
  5673 | D:6      | Found a basalt altar of Yredelemnul.
  5861 | D:7      | Found Hypnav's Antique Armour Shoppe.
  5874 | D:7      | Bought a heavily runed chain mail for 209 gold pieces
  5874 | D:7      | Identified the +3 chain mail of Fun and Games {rF++} (You
                  | bought it in a shop on level 7 of the Dungeon)
  5934 | D:7      | Reached XP level 9. HP: 52/54 MP: 7/9
  5952 | D:7      | Found a transporter.
  5960 | D:7      | Found a bloodstained altar of Trog.
  5962 | D:7      | Noticed a moth of wrath
  5963 | D:7      | Noticed baller8008's ghost (novice DECj)
  5967 | D:7      | Found a transporter.
  5970 | D:7      | Noticed a two-headed ogre
  6010 | D:7      | Reached skill level 9 in Maces & Flails
  6133 | D:7      | Found a bloodstained altar of Trog.
  6414 | D:7      | Noticed a hornet
  6423 | D:7      | Killed a hornet
  6732 | D:8      | Found a stormy altar of Qazlal.
  6761 | D:8      | Reached skill level 10 in Maces & Flails
  6790 | D:8      | Reached XP level 10. HP: 25/61 MP: 4/10
  6996 | D:8      | Found a hazy altar of Hepliaklqana.
  7169 | D:8      | Found a white marble altar of Elyvilon.
  7798 | D:9      | Reached ** piety under the Shining One
  7999 | D:9      | Noticed a black mamba
  8000 | D:9      | Noticed a black mamba
  8001 | D:9      | Noticed a wolf spider
  8001 | D:9      | Found a runed translucent gate.
  8001 | D:9      | Found a runed translucent gate.
  8002 | D:9      | Found a runed translucent gate.
  8553 | D:9      | Found the +9 staff of Olgreb {rPois∞}
  8557 | D:9      | Found a runed translucent door.
  8741 | D:9      | Noticed a wolf spider
  8747 | D:9      | Found a runed translucent door.
  8812 | D:10     | Entered Level 10 of the Dungeon
  8830 | D:10     | Reached skill level 11 in Maces & Flails
  9175 | D:10     | Reached XP level 11. HP: 46/68 MP: 7/11
  9528 | D:10     | Found a corrupted altar of Lugonu.
  9532 | D:10     | Noticed a sun demon
  9550 | D:10     | Reached *** piety under the Shining One
  9553 | D:10     | Noticed a soul eater
  9728 | D:11     | Found a staircase to the Orcish Mines.
  9753 | D:11     | Found Fiejydos's General Store.
  9758 | D:11     | Bought a scroll of enchant armour for 112 gold pieces
  9773 | D:11     | Noticed a cyclops
  9781 | D:11     | Killed a cyclops
  9782 | D:11     | Reached skill level 12 in Maces & Flails
  9816 | D:11     | Found a staircase to the Lair.
  9894 | D:11     | Noticed a two-headed ogre
  9905 | D:11     | Killed a two-headed ogre
 10128 | D:11     | Noticed a cyclops
 10148 | D:11     | Killed a cyclops
 10414 | D:11     | Noticed a two-headed ogre
 10422 | D:11     | Killed a two-headed ogre
 10469 | D:11     | Found a transporter.
 10579 | D:11     | Found a transporter.
 10584 | D:11     | Noticed scionoferis's ghost (journeyman DjCj)
 10624 | D:12     | Noticed a cyclops
 10792 | D:12     | Killed a cyclops
 11079 | D:12     | The Shining One protects you from harm!
 11286 | D:12     | Reached skill level 13 in Maces & Flails
 11286 | D:12     | Reached XP level 12. HP: 63/76 MP: 10/12
 11356 | D:12     | Noticed Psyche
 11358 | Abyss:2  | Cast into level 2 of the Abyss (Psyche)
 11403 | Abyss:2  | Found a corrupted altar of Lugonu.
 11425 | Abyss:2  | Noticed a lich
 11441 | Abyss:2  | Noticed a starcursed mass
 11447 | Abyss:2  | Found a corrupted altar of Lugonu.
 11522 | Abyss:2  | Reached **** piety under the Shining One
 11546 | Abyss:2  | Noticed a tentacled starspawn
 11593 | Abyss:2  | Killed a tentacled starspawn
 11661 | Abyss:2  | Noticed a tentacled starspawn
 11678 | Abyss:2  | Found a corrupted altar of Lugonu.
 11679 | Abyss:2  | The Shining One protects you from harm!
 11680 | Abyss:2  | The Shining One protects you from harm!
 11687 | Abyss:2  | The Shining One protects you from harm!
 11689 | Abyss:2  | Slain by a large abomination

Illustrated notes

Levels and vault maps discovered:
D:1:      minmay_arrival_glassed_features, layout_basic, serial_corexii_hall,
          chequers_hall_statues_corner_a, corexii_hall_statues_x,
          minmay_misc_feat_tiny, minmay_gold_behind_fungi
D:2:      layout_basic, minmay_pentomino_z4, uniq_robin, uniq_natasha
D:3:      layout_rooms, kennysheep_okawaru_gauntlet
D:4:      layout_basic, pdpol_temple_overflow_zin_treasury_gozag_greed,
          serial_shops, shop, nicolae_shop_back_alley_shop
D:5:      layout_loops_ring, kennysheep_slug_shrine,
          minmay_temple_entry_mini_moons, serial_shops, kennysheep_mini_moat,
          gup_sewer_entry_pipe
D:6:      layout_loops_ring, mainiacjoe_overflow_alcove_2, kennysheep_mini,
          minmay_misc_feat_encased, nicolae_shop_i_like_small_books_too,
          hangedman_decor_opposing
D:7:      layout_loops_cross, trog_three_pillars_becter, serial_shops, shop,
          gammafunk_ghost_wrathful_warriors, chequers_mini_garden
D:8:      layout_loops_ring, nicolae_overflow_crystal_walls,
          nicolae_elyvilon_peaceful_grove, worldfamousw_hep_ancestral_shrine
D:9:      layout_irregular_city, hangedman_decor_growths,
          minmay_guarded_unrand_staff_of_olgreb
D:10:     kennysheep_kobold_lugonu_temple, layout_irregular_city
D:11:     layout_roguey, lair_entry_dummy, hiddenorc2_lemuel, serial_shops,
          nicolae_shop_stone, gammafunk_ghost_hive
D:12:     layout_grid_maze, uniq_gastronok, uniq_frances, uniq_psyche
Temple:   hellmonk_temple_flake
Abyss:2:  base:
D:12

Skill      XL: |  1  2  3  4  5  6  7  8  9 10 11 |
---------------+----------------------------------+-----
Maces & Flails | 3 4 5 6 7 8 10 11 13 | 13.4
Fighting       | 4 5 6 8 9 |  9.9
Armour         | 4 5 6 8 9 |  9.9
Shields        | 4 5 6 8 9 |  9.8

Action                     |  1- 3 |  4- 6 |  7- 9 | 10-12 || total
---------------------------+-------+-------+-------+-------++-------
  Melee: Flail             |   130 |   292 |   357 |   590 ||  1369
         Unarmed           |       |    11 |       |       ||    11
    Use: Potion            |       |     4 |       |    11 ||    15
         Scroll            |       |       |    18 |     8 ||    26
 Armour: Scale mail        |    68 |   304 |   212 |       ||   584
         Skin              |       |    69 |       |       ||    69
         Chain mail        |       |       |   153 |   339 ||   492
  Dodge: Dodged            |    58 |   238 |   207 |   144 ||   647
  Block: Buckler           |    29 |   128 |   133 |    97 ||   387
         Kite shield       |       |       |       |   132 ||   132

Table legend: (Time is in decaauts)
 A = Elapsed time spent in this place.
 B = Non-inter-level travel time spent in this place.
 C = Inter-level travel time spent in this place.
 D = Time resting spent in this place.
 E = Time spent auto-exploring this place.
 F = Levels seen in this place.
 G = Mean time per level.
                   A        B        C        D        E       F      G
               +--------+--------+--------+--------+--------+-----+--------+
         Total |  11807 |  11546 |    261 |      0 |   8597 |  15 |  787.1 |
       Dungeon |  10708 |  10455 |    253 |      0 |   8088 |  12 |  892.3 |
        Temple |     98 |     90 |      8 |      0 |     72 |   1 |   98.0 |
         Abyss |    356 |    356 |      0 |      0 |     89 |   1 |  356.0 |
         Sewer |    643 |    643 |      0 |      0 |    348 |   1 |  643.0 |
               +--------+--------+--------+--------+--------+-----+--------+

Top non-repeatable levels by time:
     D:2: 1268 daAuts
    D:11: 1103 daAuts
     D:9: 1063 daAuts
     D:8: 1039 daAuts
     D:1: 992 daAuts
     D:5: 962 daAuts
     D:7: 829 daAuts
     D:4: 821 daAuts
    D:10: 798 daAuts
     D:6: 735 daAuts
   Sewer: 643 daAuts
    D:12: 586 daAuts
     D:3: 507 daAuts
 Abyss:2: 356 daAuts
  Temple: 98 daAuts
